 Dungeon Crawl Stone Soup version 0.21-a0-531-gacddea6 (webtiles) character file.

5887 KeeTraxx the Magician (level 10, -1/84 HPs)
             Began as a Demigod Air Elementalist on Dec 12, 2017.
             Slain by a yak (13 damage)
             ... on level 9 of the Dungeon.
             The game lasted 00:35:32 (11100 turns).

KeeTraxx the Magician (Demigod Air Elementalist)   Turns: 11100, Time: 00:35:33

Health: -1/84      AC:  7    Str: 15    XL:     10   Next: 28%
Magic:  0/25       EV: 12    Int: 21    God:
Gold:   515        SH:  0    Dex: 16    Spells: 9/24 levels left

rFire    + . .     SeeInvis .   S - +2 falchion (flame)
rCold    . . .     Gourm    .   (no shield)
rNeg     . . .     Faith    .   R - +2 robe {rF+}
rPois    +         Spirit   .   B - +1 helmet
rElec    .         Reflect  .   (no cloak)
rCorr    .         Harm     .   (no gloves)
MR       ++...                  N - +0 pair of boots
Stlth    ++........             (no amulet)
HPRegen  0.24/turn              o - ring of poison resistance
MPRegen  0.19/turn              r - ring of protection from magic

@: no status effects
A: high mp 1
a: no special abilities


You were on level 9 of the Dungeon.
You were hungry.

You visited 1 branch of the dungeon, and saw 9 of its levels.

You collected 515 gold pieces.

Inventory:

Hand Weapons
 a - a +1 short sword of venom
 b - a +0 hunting sling
 Q - a +0 whip of flaming
 S - a +2 falchion of flaming (weapon)
Missiles
 e - 60 sling bullets
 u - a throwing net (quivered)
 v - 205 stones
 F - 27 poisoned needles
Armour
 B - a +1 helmet (worn)
 N - a +0 pair of boots (worn)
 R - a +2 robe of fire resistance (worn)
Jewellery
 n - a +5 ring of dexterity
 o - a ring of poison resistance (left hand)
 r - a ring of protection from magic (right hand)
 y - an uncursed ring of protection from cold
 D - an uncursed ring of protection from magic
Wands
 E - a wand of iceblast (11)
 I - a wand of clouds (3)
Scrolls
 g - 4 scrolls of teleportation
 i - 3 scrolls of amnesia
 m - 8 scrolls of identify
 s - a scroll of fog
 L - a scroll of enchant weapon {unknown}
 M - 5 scrolls of remove curse
 O - a scroll of silence {unknown}
 P - a scroll of magic mapping {unknown}
Potions
 k - 2 potions of brilliance {unknown}
 l - a potion of resistance {unknown}
 p - a potion of magic {unknown}
 q - 5 potions of lignification
 t - a potion of mutation {unknown}
 w - 4 potions of curing {unknown}
 x - 3 potions of heal wounds {unknown}
 A - a potion of berserk rage {unknown}
 C - 3 potions of degeneration {unknown}
 G - a potion of cancellation {unknown}
 H - 2 potions of ambrosia {unknown}
 K - a potion of flight {unknown}
Books
 j - a book of Air

   Spells                             Type                      Level
   a - Shock                          Conjuration/Air              1
   b - Swiftness                      Charms/Air                   2
   c - Static Discharge               Conjuration/Air              3
   d - Airstrike                      Air                          4
   e - Lightning Bolt                 Conjuration/Air              5
 J - a book of Minor Magic

   Spells                             Type                      Level
   a - Magic Dart                     Conjuration                  1
   b - Blink                          Translocation                2
   c - Call Imp                       Summoning                    2
   d - Slow                           Hexes                        2
   e - Conjure Flame                  Conjuration/Fire             3
   f - Mephitic Cloud                 Conjuration/Poison/Air       3
Comestibles
 c - 4 bread rations
 f - 11 meat rations
 h - 7 royal jellies
 z - 17 fruits


   Skills:
 + Level 6.7 Fighting
 - Level 1.7 Dodging
 - Level 1.7 Stealth
 + Level 7.5 Spellcasting
 - Level 7.0 Conjurations
 - Level 3.1 Translocations
 - Level 7.0 Air Magic


You had 9 spell levels left.
You knew the following spells:

 Your Spells              Type           Power        Failure   Level  Hunger
a - Shock                 Conj/Air       ####         1%          1    None
b - Static Discharge      Conj/Air       #####...     1%          3    None
c - Airstrike             Air            #####.....   4%          4    ###....
d - Swiftness             Chrm/Air       ###.....     3%          2    None
e - Blink                 Tloc           N/A          3%          2    None
f - Mephitic Cloud        Conj/Pois/Air  ####....     3%          3    None


Dungeon Overview and Level Annotations

Branches:
Dungeon (9/15)             Temple (0/1) D:5
   Lair: D:8-11         Orc: D:9-12


Innate Abilities, Weirdness & Mutations

You have an increased reservoir of magic. (+10% MP)


Message History

The lightning arcs!
You are struck by lightning.
The lightning arcs!
The yak is struck by lightning.
The yak is severely wounded.
The lightning grounds out.
The yak gores you!
* * * LOW HITPOINT WARNING * * *
There is a stone staircase leading up here.
Casting: Static Discharge
Confirm with . or Enter, or press ? or * to list all spells.
The yak is struck by lightning.
The yak is almost dead.
The lightning arcs!
You are struck by lightning.
* * * LOW HITPOINT WARNING * * *
The lightning arcs!
The yak is struck by lightning.
The yak is almost dead.
The lightning grounds out.
The yak gores you.
* * * LOW HITPOINT WARNING * * *
You hit the yak but do no damage.
The yak is almost dead.
The yak gores you!
You die...

##+###### ######
........# ###..)..#
........# #>Y†....#
.......<# ###@#.....#
........###...#.....+
........#...###.....#
........#.### .....#
........#.# .....#
........'.# .....#
........### .....#
####+####


You could see a yak.

Vanquished Creatures
  A hydra (D:8)
  Pikel (D:7)
  The ghost of Amnesiac the Vexing, a novice DEAM of Okawaru (D:5)
  Prince Ribbit (D:7)
  2 dream sheep (D:8)
  A steam dragon (D:8)
  6 yaks
  3 slaves (D:7)
  An ice beast (D:5)
  A sky beast (D:8)
  8 ogres
  A phantom (D:5)
  A crocodile (D:8)
  A necrophage (D:6)
  2 centaurs
  3 big kobolds (D:8)
  3 bullfrogs
  5 scorpions
  3 howler monkeys
  3 crimson imps
  5 hounds
  A centaur zombie (D:5)
  3 orc priests
  A jelly (D:5)
  4 orc wizards
  A bullfrog skeleton (D:7)
  2 worker ants
  A hound zombie (D:5)
  Robin (D:3)
  11 gnolls
  11 adders
  2 oozes (D:2)
  An adder skeleton (D:7)
  4 worms
  A dart slug (D:2)
  2 leopard geckos
  18 orcs
  8 giant cockroaches
  14 goblins
  11 hobgoblins
  8 jackals
  4 kobolds
  3 quokkas
  A ball python (D:3)
  5 bats
  5 frilled lizards
  A leopard gecko skeleton (D:5)
  10 rats
187 creatures vanquished.

Vanquished Creatures (others)
  5 toadstools (D:1)
5 creatures vanquished.

Grand Total: 192 creatures vanquished

Notes
Turn   | Place    | Note
-------+----------+-------------------------------------------
     0 | D:1      | KeeTraxx the Demigod Air Elementalist began the quest for the Orb.
     0 | D:1      | Reached XP level 1. HP: 14/14 MP: 5/5
   753 | D:1      | Reached skill level 1 in Conjurations
   853 | D:1      | Reached XP level 2. HP: 20/20 MP: 5/7
  1416 | D:2      | Reached XP level 3. HP: 25/27 MP: 3/9
  1421 | D:2      | Learned a level 3 spell: Static Discharge
  1761 | D:2      | Reached XP level 4. HP: 33/34 MP: 1/10
  1769 | D:2      | Learned a level 4 spell: Airstrike
  2510 | D:3      | Noticed Robin
  2612 | D:3      | Reached skill level 1 in Fighting
  2612 | D:3      | Reached XP level 5. HP: 36/40 MP: 6/12
  3012 | D:3      | Found a bloodstained altar of Trog.
  3159 | D:3      | Killed Robin
  3842 | D:4      | Noticed an ogre
  3850 | D:3      | Reached XP level 6. HP: 40/47 MP: 13/13
  4859 | D:4      | Learned a level 2 spell: Swiftness
  5052 | D:4      | Reached XP level 7. HP: 42/56 MP: 11/14
  5194 | D:4      | Found a deep blue altar of Sif Muna.
  5277 | D:5      | Entered Level 5 of the Dungeon
  5427 | D:5      | Reached skill level 5 in Air Magic
  5805 | D:5      | Found a blossoming altar of Fedhas.
  5806 | D:5      | Found a glowing silver altar of Zin.
  5806 | D:5      | Found an iron altar of Okawaru.
  5807 | D:5      | Found a basalt altar of Yredelemnul.
  5866 | D:5      | Reached skill level 5 in Conjurations
  6054 | D:5      | Found a staircase to the Ecumenical Temple.
  6079 | D:5      | Noticed Amnesiac's ghost (novice DEAM)
  6138 | D:5      | Killed Amnesiac's ghost
  6262 | D:5      | Reached XP level 8. HP: 59/66 MP: 15/15
  7212 | D:6      | Reached skill level 5 in Fighting
  7356 | D:6      | Learned a level 2 spell: Blink
  8390 | D:7      | Noticed Prince Ribbit
  8392 | D:7      | Reached skill level 1 in Translocations
  8393 | D:7      | Reached XP level 9. HP: 53/74 MP: 1/17
  8546 | D:7      | Killed Prince Ribbit
  8671 | D:7      | Noticed Pikel
  8927 | D:7      | Killed Pikel
  9338 | D:8      | Learned a level 3 spell: Mephitic Cloud
  9921 | D:8      | Reached skill level 5 in Spellcasting
 10698 | D:8      | Noticed a three-headed hydra
 10705 | D:8      | Reached XP level 10. HP: 56/84 MP: 11/23
 10711 | D:8      | Killed a three-headed hydra
 11100 | D:9      | Slain by a yak

Vault maps used:
D:1:      ldierk_walled_garden, minivault_14, minmay_misc_feat_five
D:2:      minmay_misc_feat_cross, small_statue_intersection
D:3:      chequers_big_river, glass_columns_b, st_stairs_11, trog_hazing_becter,
          uniq_robin
D:4:      kennysheep_mini
D:5:      grunt_temple_overflow_open, minmay_temple_entry_statues_fountains,
          first_bread
D:7:      nicolae_overflow_hidden_temple, uniq_prince_ribbit1, uniq_pikel
D:8:      hangedman_ranch, minmay_tree_intersection
D:9:      nicolae_elemental_shop

Skill      XL: |  1  2  3  4  5  6  7  8  9 10 |
---------------+-------------------------------+-----
Spellcasting   | 2 3 6 7 |  7.5
Conjurations   | 1 2 3 4 5 6 7 |  7.0
Air Magic      | 3 4 5 7 |  7.0
Fighting       | 1 2 4 5 6 |  6.7
Translocations | 1 3 |  3.1
Dodging        | |  1.7
Stealth        | |  1.7

Action                   |  1- 3 |  4- 6 |  7- 9 | 10-12 || total
-------------------------+-------+-------+-------+-------++-------
Melee: Dagger            |    13 |       |       |       ||    13
       Short sword       |       |    35 |    65 |       ||   100
       Falchion          |       |       |       |     2 ||     2
 Fire: Hunting sling     |       |    78 |    89 |       ||   167
 Cast: Shock             |    71 |   143 |    95 |     4 ||   313
       Static Discharge  |       |     6 |    76 |    12 ||    94
       Airstrike         |       |       |    12 |       ||    12
  Use: Scroll            |       |       |    10 |     1 ||    11
 Stab: Sleeping          |       |       |     1 |       ||     1
  Eat: Chunk             |     3 |    10 |    24 |     1 ||    38
       Fruit             |       |       |     1 |       ||     1
Armor: Leather armour    |     6 |    19 |    25 |       ||    50
       Robe              |       |       |     9 |     4 ||    13
Dodge: Dodged            |    16 |    86 |    82 |     7 ||   191
       Rpst.: Falchion   |       |       |     1 |     3 ||     4

Table legend:
 A = Spawn XP
 B = Non-spawn XP
 C = Spawn XP percentage of total XP
 D = Spawn monster count
 E = Non-spawn monster count
 F = Spawn count percentage of total count
 G = Total turns spent on level
                    A         B        C        D         E        F      G
               +---------+---------+-------+---------+---------+-------+---------
         Total |       0 |    8411 |   0.0 |       0 |     184 |   0.0 | 11100
               +---------+---------+-------+---------+---------+-------+---------
           D:1 |       0 |      15 |   0.0 |       0 |      10 |   0.0 |  1020
           D:2 |       0 |     132 |   0.0 |       0 |      26 |   0.0 |  1447
           D:3 |       0 |     317 |   0.0 |       0 |      54 |   0.0 |  1812
           D:4 |       0 |     409 |   0.0 |       0 |      16 |   0.0 |   998
           D:5 |       0 |    1443 |   0.0 |       0 |      21 |   0.0 |  1723
           D:6 |       0 |     649 |   0.0 |       0 |      13 |   0.0 |  1218
           D:7 |       0 |    1286 |   0.0 |       0 |      15 |   0.0 |   955
           D:8 |       0 |    3385 |   0.0 |       0 |      25 |   0.0 |  1900
           D:9 |       0 |     775 |   0.0 |       0 |       4 |   0.0 |    27
               +---------+---------+-------+---------+---------+-------+---------
